 Dungeon Crawl Stone Soup version 0.28.0 (webtiles) character file.

Game seed: 14345800629755057774

60 growler the Gusty (level 4, -2/24 HPs)
             Began as a Tengu Air Elementalist on Feb 11, 2022.
             Slain by a black bear (3 damage)
             ... on level 3 of the Dungeon.
             The game lasted 00:03:58 (2526 turns).

growler the Gusty (Tengu Air Elementalist)          Turns: 2526, Time: 00:03:59

Health: -2/24      AC:  2    Str:  8    XL:     4   Next: 4%
Magic:  1/9        EV: 12    Int: 18    God:
Gold:   88         SH:  0    Dex: 14    Spells: 2/8 levels left

rFire   . . .      SeeInvis .   (no weapon)
rCold   . . .      Faith    .   (no shield)
rNeg    . . .      Spirit   .   a - +0 robe
rPois   .          Reflect  .   (helmet restricted)
rElec   .          Harm     .   (no cloak)
rCorr   .          Rampage  .   (no gloves)
Will    .....                   (boots unavailable)
Stlth   ++........              (no amulet)
HPRegen 0.08/turn               (no ring)
MPRegen 0.11/turn               (no ring)

@: very slightly contaminated
A: beak, talons 3
a: no special abilities


You were on level 3 of the Dungeon.
You visited 1 branch of the dungeon, and saw 3 of its levels.

You collected 88 gold pieces.

Inventory:

Armour
 a - a +0 robe (worn)
Jewellery
 c - a ring of willpower
   (You took it off a hobgoblin on level 1 of the Dungeon)
 i - a +6 ring of intelligence
   (You found it on level 2 of the Dungeon)
Scrolls
 b - a scroll of torment {unknown}
 d - a scroll of identify {unknown}
 e - a scroll of amnesia {unknown}
 j - 2 scrolls of teleportation {unknown}
 k - a scroll of vulnerability {unknown}
 m - a scroll of silence {unknown}
Potions
 f - a potion of brilliance {unknown}
 g - a potion of heal wounds {unknown}
 h - 3 potions of curing {unknown}
 l - 2 potions of attraction {unknown}


   Skills:
 - Level 2.1 Dodging
 - Level 2.0 Stealth
 + Level 2.7 Spellcasting
 + Level 3.0 Conjurations
 + Level 4.9 Air Magic


You had 2 spell levels left.
You knew the following spells:

 Your Spells              Type           Power      Damage    Failure   Level
a - Shock                 Conj/Air       64%        1d7       3%          1
d - Static Discharge      Conj/Air       16%        N/A       4%          2
s - Swiftness             Air            20%        N/A       7%          3

Your spell library contained the following spells:

 Spells                   Type           Power      Damage    Failure   Level
 Airstrike                Air            10%        N/A       22%         4


Dungeon Overview and Level Annotations

Branches:
Dungeon (3/15)

Altars:

Annotations:
D:3 2 runed translucent doors, crazypyro's ghost, amateur MiFi


Innate Abilities, Weirdness & Mutations

You have a beak for a mouth.
You have claws for feet.


Message History

The zap hits the worm.
You miscast Static Discharge.
You are very lightly contaminated with residual magic.
Nothing appears to happen.
The worm is struck by an arc of lightning.
You are struck by an arc of lightning.
The lightning grounds out.
The worm bites you.
Aim: a worm (severely wounded, 90% to hit)
The zap hits the worm.
You kill the worm!
You have reached level 4!
You feel clever.
Your magical contamination has completely faded away.
An endoplasm comes into view.
Aim: an endoplasm (asleep, 100% to hit)
The zap hits the endoplasm.
Aim: an endoplasm (almost dead, 98% to hit)
The zap hits the endoplasm.
You kill the endoplasm!
You open the door.
There is an open door here.
A black bear comes into view.
A black bear is nearby!
A black bear is nearby!
A black bear is nearby!
A black bear is nearby!
The black bear growls angrily.
Aim: a black bear (79% to hit)
The zap misses the black bear.
Aim: a black bear (79% to hit)
The zap hits the black bear.
The zap hits the black bear!
Aim: a black bear (moderately wounded, 79% to hit)
The zap hits the black bear. x2
Aim: a black bear (heavily wounded, 79% to hit)
You miscast Shock.
You are very lightly contaminated with residual magic.
Nothing appears to happen.
The black bear misses you. The black bear barely misses you.
The black bear claws you.
The black bear is struck by an arc of lightning!
You are struck by an arc of lightning.
The lightning grounds out.
The black bear goes berserk!
The black bear is struck by an arc of lightning!
You are struck by an arc of lightning.
The lightning grounds out.
The black bear misses you. The black bear barely misses you.
The black bear claws you.
* * * LOW HITPOINT WARNING * * *
The black bear bites you!
* * * LOW HITPOINT WARNING * * *
The black bear claws you.
You die...

#................
############.##......#..#
#......#####.##.##.#.#..#
#......+...........#.#..#
#......####..##.###......
+....................#...
...........###.###+##.#.
#.......# #.##.....#.
..#+###..h@...###.##.....##
........##'##......+..†....
........##.##......#.....##
........##.##......'.....##
........##.##......#.......
.##+######.##......##......
#.##......####++##
#.##......##W≈....
#.##......#.≈⌠.#≈.


You could see a black bear (berserk).

Vanquished Creatures
  A worm (D:3)
  A dart slug (D:1)
  6 bats
  6 endoplasms
  3 giant cockroaches
  4 hobgoblins
  6 kobolds
  4 ball pythons
  3 frilled lizards
  9 goblins
  5 rats
48 creatures vanquished.

Notes
Turn   | Place    | Note
-------+----------+-------------------------------------------
     0 | D:1      | growler the Tengu Air Elementalist began the quest for the
                  | Orb.
     0 | D:1      | Reached XP level 1. HP: 10/10 MP: 4/4
   173 | D:1      | Reached XP level 2. HP: 15/15 MP: 1/6
   407 | D:1      | Found a faded altar of an unknown god.
   572 | D:1      | Learned a level 2 spell: Static Discharge
   730 | D:1      | Reached XP level 3. HP: 19/19 MP: 4/7
   734 | D:1      | Learned a level 3 spell: Swiftness
  2048 | D:3      | Found a large runed translucent door.
  2049 | D:3      | Found a large runed translucent door.
  2054 | D:3      | Noticed crazypyro's ghost (amateur MiFi)
  2332 | D:3      | Reached XP level 4. HP: 20/24 MP: 0/9
  2512 | D:3      | Noticed a black bear
  2526 | D:3      | HP: 1/24 [black bear (11)]
  2526 | D:3      | Slain by a black bear

Illustrated notes

Levels and vault maps discovered:
D:1:      lightli_arrival_isolated_outpost, layout_basic,
          shapermc_ecumenical_altar_mp_vishouse, minmay_split_cup_large
D:2:      layout_loops_ring
D:3:      layout_basic, ebering_ghost_disaster_area, minmay_lizard_king,
          uniq_crazy_yiuf_cottage

Skill      XL: |  1  2  3 |
---------------+----------+-----
Conjurations   | 2 3 |  3.0
Dodging        | |  2.1
Stealth        | |  2.0
Spellcasting   | |  2.7
Air Magic      | |  4.9

Action                   |  1- 3 |  4- 6 || total
-------------------------+-------+-------++-------
Melee: Unarmed           |     9 |       ||     9
       Kick              |     3 |       ||     3
       Peck              |     1 |       ||     1
       Punch             |     1 |       ||     1
 Cast: Shock             |    73 |     5 ||    78
       Static Discharge  |     3 |     2 ||     5
Armor: Robe              |     4 |       ||     4
Dodge: Dodged            |    12 |     4 ||    16
